 Dungeon Crawl Stone Soup version 0.29.1-4-g47bece8355 (webtiles) character file.

Game seed: 18024160779665109589

60 retardedninja the Shield-Bearer (level 3, -4/33 HPs)
             Began as a Minotaur Fighter on Dec 6, 2022.
             Killed from afar by Sigmund (7 damage)
             ... with a magic dart
             ... on level 3 of the Dungeon.
             The game lasted 00:02:40 (1976 turns).

retardedninja the Shield-Bearer (Minotaur Fighter)  Turns: 1976, Time: 00:02:40

Health: -4/33      AC:  8    Str: 22    XL:     3   Next: 80%
Magic:  2/2        EV:  8    Int:  5    God:
Gold:   140        SH:  0    Dex:  9    Spells: 2/2 levels left

rFire   . . .      SeeInvis .   a - +1 war axe
rCold   . . .      Faith    .   u - +0 kite shield
rNeg    . . .      Spirit   .   b - +0 scale mail
rPois   .          Reflect  .   g - +1 hat
rElec   .          Harm     .   (no cloak)
rCorr   .          Rampage  .   (no gloves)
Will    .....                   (no boots)
Stlth   ..........              (no amulet)
HPRegen 0.11/turn               (no ring)
MPRegen 0.08/turn               (no ring)

@: confused
A: horns 2, retaliatory headbutt
a: no special abilities


You were on level 3 of the Dungeon.
You visited 1 branch of the dungeon, and saw 3 of its levels.

You collected 140 gold pieces.

Inventory:

Hand Weapons
 a - a +1 war axe (weapon)
Missiles
 t - a throwing net (quivered)
Armour
 b - a +0 scale mail (worn)
 c - a +0 pair of boots
 g - a +1 hat (worn)
 u - a +0 kite shield (worn)
Scrolls
 h - 2 scrolls of noise
 m - a scroll of amnesia
Potions
 d - 2 potions of might
 i - 6 potions of curing
 l - a potion of mutation
 n - a potion of lignification {unknown}
 p - a potion of brilliance {unknown}
 q - a potion of haste {unknown}
 s - a potion of magic {unknown}


   Skills:
 + Level 4.1 Fighting
 + Level 3.4 Axes
 + Level 4.1 Armour
 + Level 4.3 Shields


You had 2 spell levels left.
You didn't know any spells.
Your spell library was empty.

Dungeon Overview and Level Annotations

Branches:
Dungeon (3/15)

Altars:
Vehumet

Annotations:
D:3 Sigmund


Innate Abilities, Weirdness & Mutations

You have a pair of horns on your head.
You reflexively headbutt those who attack you in melee.


Message History

The rat bites you but does no damage.
The bat moves out of view.
You barely miss the rat. The rat bites you.
You barely miss the rat. You miss the bat. The bat hits you but does no damage.
The rat bites you but does no damage. x2
You slash the rat!
You kill the rat!
You slash the bat!
You kill the bat!
No target in view!
No target in view!
Unknown command.
No target in view!
A magic dart appears from out of thin air!
The magic dart hits you but does no damage.
There is a strange disturbance nearby!
No target in view!
No target in view!
No target in view!
Something hits you.
You closely miss something.
You hear some strange, mumbled words.
A magic dart appears from out of thin air!
The magic dart hits you but does no damage.
You slash something! Something hits you but does no damage.
You miss something. Something hits you.
You closely miss something. Something hits you.
You barely miss something. Your headbutt misses something.
Something hits you but does no damage.
You miss something. Something hits you!
* * * LOW HITPOINT WARNING * * *
You miss something.
You hear some strange, mumbled words.
You are confused.
Something hits you.
* * * LOW HITPOINT WARNING * * *
You completely miss something.
You hear some strange, mumbled words.
A magic dart appears from out of thin air!
The magic dart hits you!
You die...

....... ....... .. .....
........ .. .. .....
........ ..##. ......
.......# ###.##.. ......
.......###...##.##......
.......##... ......_..⌠.
.......##..# ##.........
...........###..@{......
........................
.....<.....####.........
.........### #.$...####
...#####.# #.....# ...#
##..# #.....# .#####..##
#####.# .##....## .#
#...####


There were no monsters in sight!

Vanquished Creatures
  2 adders
  A dart slug (D:1)
  An orc (D:3)
  6 bats
  4 endoplasms
  A giant cockroach (D:2)
  4 goblins
  2 hobgoblins (D:2)
  3 jackals (D:3)
  A kobold (D:1)
  2 quokkas (D:1)
  A ball python (D:3)
  2 frilled lizards
  7 rats
37 creatures vanquished.

Notes
Turn   | Place    | Note
-------+----------+-------------------------------------------
     0 | D:1      | retardedninja the Minotaur Fighter began the quest for the
                  | Orb.
     0 | D:1      | Reached XP level 1. HP: 19/19 MP: 0/0
    63 | D:1      | Reached XP level 2. HP: 24/27 MP: 1/1
   478 | D:1      | Found a faded altar of an unknown god.
   867 | D:2      | Reached XP level 3. HP: 33/33 MP: 2/2
  1961 | D:3      | Found a radiant altar of Vehumet.
  1963 | D:3      | Noticed Sigmund
  1976 | D:3      | Killed from afar by Sigmund

Illustrated notes

Levels and vault maps discovered:
D:1:      roderic_dead_forest, layout_rooms, dreamdust_ecumenical_altar_grove,
          st_stairs_11, hex_tiny
D:2:      layout_loops_ring, dk_noncrumbling_3
D:3:      layout_rooms, grunt_temple_overflow_open,
          mainiacjoe_overflow_boulevard, uniq_grinder, uniq_robin, uniq_sigmund

Skill      XL: |  1  2  3 |
---------------+----------+-----
Shields        | 4 |  4.3
Fighting       | 4 |  4.1
Axes           | 3 |  3.4
Armour         | 4 |  4.1

Action                   || total
-------------------------++-------
Melee: War axe           ||    71
       Headbutt          ||     3
  Use: Scroll            ||    11
Armor: Scale mail        ||    40
Dodge: Dodged            ||    23
Block: Buckler           ||    11
       Kite shield       ||     5
